HSSL
BROOKLINE HS WARRIORS @ BISHOP AMAT HS
05/06/2027
 
TOP OF THE 1ST
Brookline HS Warriors batting - Pitching for Bishop Amat HS : RHP Richard Castle
Pitching: RHP Richard Castle
Batting: LHB Alex Kelly 0-0: Ball
1-0: Fly out, F8 (Flyball, 8LM)
Batting: RHB Ed Vega 0-0: Foul Ball, location: 2F
0-1: Ball
1-1: Foul Ball, location: 2F
1-2: Ball
2-2: Ball
3-2: SINGLE (Flyball, 8LS)
Batting: RHB Travis Kramer 0-0: Ball
1-0: Ball
2-0: Ball
3-0: Base on Balls
Ed Vega to second
Batting: LHB Lou Robinson 0-0: Ball
1-0: Ball
2-0: Foul Ball, location: 2F
2-1: Foul Ball, location: 2F
2-2: Ball
3-2: Foul Ball, location: 2F
3-2: Fly out, F9 (Flyball, 9)
Batting: RHB Patrick Chávez 0-0: Ball
1-0: Ball
2-0: Ball
3-0: Base on Balls
Ed Vega to third
Travis Kramer to second
Batting: RHB Ben Bond 0-0: Called Strike
0-1: Ball
1-1: Called Strike
1-2: Strikes out swinging
Top of the 1st over - 0 run(s), 1 hit(s), 0 error(s), 3 left on base; Brookline HS 0 - Bishop Amat HS 0
BOTTOM OF THE 1ST
Bishop Amat HS batting - Pitching for Brookline HS Warriors : LHP Jesús Garza
Pitching: LHP Jesús Garza
Batting: RHB Ralph Petit 0-0: Called Strike
0-1: Foul Ball, location: 2F
0-2: SINGLE (Groundball, 6MD)
Batting: RHB Blake Davis 0-0: Called Strike
0-1: Ball
1-1: Foul Ball, location: 2F
1-2: Ball
Ralph Petit steals 2nd base
2-2: Foul Ball, location: 2F
2-2: Strikes out swinging
Batting: RHB Mike Best 0-0: Called Strike
0-1: Ball
1-1: Ball
2-1: Ground out U3 (Groundball, 34)
Ralph Petit to third
Batting: RHB Louis García 0-0: Ground out 4-3 (Groundball, 4MS)
Bottom of the 1st over - 0 run(s), 1 hit(s), 0 error(s), 1 left on base; Brookline HS 0 - Bishop Amat HS 0
TOP OF THE 2ND
Brookline HS Warriors batting - Pitching for Bishop Amat HS : RHP Richard Castle
Batting: LHB Bailey Mrazek 0-0: Called Strike
0-1: Ball
1-1: Ball
2-1: Ball
3-1: Called Strike
3-2: Strikes out swinging
Batting: SHB Luis Rodríguez 0-0: Called Strike
0-1: Ball
1-1: Swinging Strike
1-2: Ball
2-2: Ball
3-2: Foul Ball, location: 2F
3-2: Ground out 3-1 (Groundball, 3S)
Batting: RHB Tim Smith 0-0: Ball
1-0: Ground out 5-3 (Groundball, 56S)
Top of the 2nd over - 0 run(s), 0 hit(s), 0 error(s), 0 left on base; Brookline HS 0 - Bishop Amat HS 0
BOTTOM OF THE 2ND
Bishop Amat HS batting - Pitching for Brookline HS Warriors : LHP Jesús Garza
Batting: RHB Haywood Young 0-0: Ball
1-0: Called Strike
1-1: Ball
2-1: Ball
3-1: Base on Balls
Batting: LHB Adam Roberts 0-0: Ball
1-0: Called Strike
1-1: Called Strike
1-2: Strikes out swinging
Haywood Young steals 2nd base
Batter strikes out.
Batting: RHB Ken Pérez 0-0: Ball
1-0: Ball
2-0: Ground out 4-3 (Groundball, 4)
Haywood Young to third
Batting: RHB Andrew Miller 0-0: Swinging Strike
0-1: Ball
1-1: Ball
2-1: Ball
3-1: Ground out 4-3 (Groundball, 4M)
Bottom of the 2nd over - 0 run(s), 0 hit(s), 0 error(s), 1 left on base; Brookline HS 0 - Bishop Amat HS 0
TOP OF THE 3RD
Brookline HS Warriors batting - Pitching for Bishop Amat HS : RHP Richard Castle
Batting: LHB Alex Kelly 0-0: Ball
1-0: Ball
2-0: Ball
3-0: Called Strike
3-1: Foul Ball, location: 2F
3-2: Foul Ball, location: 2F
3-2: Base on Balls
Batting: RHB Ed Vega 0-0: Ball
1-0: Ball
2-0: Ball
3-0: Base on Balls
Alex Kelly to second
Batting: RHB Travis Kramer 0-0: Ball
1-0: Fly out, F9 (Flyball, 9S)
Batting: LHB Lou Robinson 0-0: Foul Ball, location: 2F
0-1: Ball
1-1: Grounds into double play, U3-6 (Groundball, 3L)
Top of the 3rd over - 0 run(s), 0 hit(s), 0 error(s), 1 left on base; Brookline HS 0 - Bishop Amat HS 0
BOTTOM OF THE 3RD
Bishop Amat HS batting - Pitching for Brookline HS Warriors : LHP Jesús Garza
Batting: RHB Ben Martin 0-0: SINGLE (Groundball, 6S) (infield hit)
Batting: RHB Ralph Petit Pickoff Throw to First - Out!
0-0: Fly out, F7 (Flyball, 78S)
Batting: RHB Blake Davis 0-0: Swinging Strike
0-1: Ball
1-1: Swinging Strike
1-2: Strikes out looking
Bottom of the 3rd over - 0 run(s), 1 hit(s), 0 error(s), 0 left on base; Brookline HS 0 - Bishop Amat HS 0
TOP OF THE 4TH
Brookline HS Warriors batting - Pitching for Bishop Amat HS : RHP Richard Castle
Batting: RHB Patrick Chávez 0-0: Ball
1-0: Called Strike
1-1: SINGLE (Line Drive, 8RS)
Batting: RHB Ben Bond 0-0: Fly out, F7 (Flyball, 78M)
Batting: LHB Bailey Mrazek 0-0: Ball
1-0: Ball
2-0: Foul Ball, location: 2F
2-1: Swinging Strike
2-2: Ball
3-2: Foul Ball, location: 2F
3-2: Base on Balls
Patrick Chávez to second
Batting: SHB Luis Rodríguez 0-0: Grounds into double play, 6-4-3 (Groundball, 6)
Top of the 4th over - 0 run(s), 1 hit(s), 0 error(s), 1 left on base; Brookline HS 0 - Bishop Amat HS 0
BOTTOM OF THE 4TH
Bishop Amat HS batting - Pitching for Brookline HS Warriors : LHP Jesús Garza
Batting: RHB Mike Best 0-0: Called Strike
0-1: Ball
1-1: Reached on error, E5 (Groundball, 56S)
Batting: RHB Louis García 0-0: Called Strike
0-1: Ball
1-1: Foul Ball, location: 2F
1-2: Strikes out swinging
Batting: RHB Haywood Young 0-0: Intentional Walk
Batting: LHB Adam Roberts 0-0: Fly out, F7 (Flyball, 78S)
Batting: RHB Ken Pérez 0-0: Ball
1-0: Ground out 5-3 (Groundball, 56)
Bottom of the 4th over - 0 run(s), 0 hit(s), 1 error(s), 2 left on base; Brookline HS 0 - Bishop Amat HS 0
TOP OF THE 5TH
Brookline HS Warriors batting - Pitching for Bishop Amat HS : RHP Richard Castle
Batting: RHB Tim Smith 0-0: Ball
1-0: Foul Ball, location: 2F
1-1: Foul Ball, location: 2F
1-2: Strikes out swinging
Batting: LHB Alex Kelly 0-0: Foul Ball, location: 2F
0-1: Ball
1-1: Ball
2-1: Called Strike
2-2: Strikes out swinging
Batting: RHB Ed Vega 0-0: Ball
1-0: Ball
2-0: Called Strike
2-1: Foul Ball, location: 2F
2-2: Foul Ball, location: 2F
2-2: Foul Ball, location: 2F
2-2: Foul Ball, location: 2F
2-2: Foul Ball, location: 2F
2-2: Ball
3-2: SINGLE (Groundball, 6MD)
Pitching: RHP Paul Young
Batting: RHB Travis Kramer 0-0: Swinging Strike
0-1: Ball
1-1: Ball
2-1: Foul Ball, location: 2F
2-2: Foul Ball, location: 2F
2-2: Fly out, F4 (Popup, 34D)
Top of the 5th over - 0 run(s), 1 hit(s), 0 error(s), 1 left on base; Brookline HS 0 - Bishop Amat HS 0
BOTTOM OF THE 5TH
Bishop Amat HS batting - Pitching for Brookline HS Warriors : LHP Jesús Garza
Batting: RHB Andrew Miller 0-0: Ball
1-0: Ball
2-0: Foul Ball, location: 2F
2-1: Ball
3-1: Base on Balls
Batting: RHB Ben Martin 0-0: Called Strike
0-1: Grounds into double play, 6-4-3 (Groundball, 6)
Batting: RHB Ralph Petit 0-0: Fly out, F7 (Flyball, 7)
Bottom of the 5th over - 0 run(s), 0 hit(s), 0 error(s), 0 left on base; Brookline HS 0 - Bishop Amat HS 0
TOP OF THE 6TH
Brookline HS Warriors batting - Pitching for Bishop Amat HS : RHP Paul Young
Batting: LHB Lou Robinson 0-0: Foul Ball, location: 2F
0-1: Foul Ball, location: 2F
0-2: Ball
1-2: Foul Ball, location: 2F
1-2: Foul Ball, location: 2F
1-2: Foul Ball, location: 2F
1-2: Ball
2-2: Strikes out swinging
Batting: RHB Patrick Chávez 0-0: Called Strike
0-1: Called Strike
0-2: Ball
1-2: Ball
2-2: Strikes out swinging
Batting: RHB Ben Bond 0-0: Ball
1-0: Called Strike
1-1: SINGLE (Line Drive, 78S)
Batting: LHB Bailey Mrazek 0-0: Ball
1-0: Ball
2-0: Fielders Choice at 2nd, 4-6 (Groundball, 4)
Top of the 6th over - 0 run(s), 1 hit(s), 0 error(s), 0 left on base; Brookline HS 0 - Bishop Amat HS 0
BOTTOM OF THE 6TH
Bishop Amat HS batting - Pitching for Brookline HS Warriors : LHP Jesús Garza
Batting: RHB Blake Davis 0-0: Called Strike
0-1: Swinging Strike
0-2: Ball
1-2: Strikes out swinging
Batting: RHB Mike Best 0-0: Ball
1-0: Ball
2-0: Swinging Strike
2-1: Fly out, F8 (Flyball, 8RS)
Batting: RHB Louis García 0-0: Called Strike
0-1: Ball
1-1: Ball
2-1: Ball
3-1: SINGLE (Line Drive, 8RS)
Batting: RHB Haywood Young 0-0: Ball
Wild Pitch!
Louis García to second
1-0: Intentional Walk
Batting: LHB Adam Roberts 0-0: Foul Ball, location: 2F
0-1: Ball
1-1: Ball
2-1: Foul Ball, location: 2F
2-2: Ball
3-2: Foul Ball, location: 2F
3-2: Fly out, F9 (Line Drive, 89M)
Bottom of the 6th over - 0 run(s), 1 hit(s), 0 error(s), 2 left on base; Brookline HS 0 - Bishop Amat HS 0
TOP OF THE 7TH
Brookline HS Warriors batting - Pitching for Bishop Amat HS : RHP Paul Young
Batting: SHB Luis Rodríguez 0-0: DOUBLE (Line Drive, 3D)
Batting: RHB Tim Smith 0-0: Ball
1-0: Swinging Strike
1-1: Ball
2-1: Ball
3-1: Called Strike
3-2: Foul Ball, location: 2F
3-2: Foul Ball, location: 2F
3-2: Strikes out swinging
Batting: LHB Alex Kelly 0-0: Ball
1-0: Called Strike
1-1: Ground out U3 (Groundball, 34)
Luis Rodríguez to third
Batting: RHB Ed Vega 0-0: Ball
1-0: Foul Ball, location: 2F
1-1: Called Strike
1-2: Strikes out swinging
Top of the 7th over - 0 run(s), 1 hit(s), 0 error(s), 1 left on base; Brookline HS 0 - Bishop Amat HS 0
BOTTOM OF THE 7TH
Bishop Amat HS batting - Pitching for Brookline HS Warriors : LHP Jesús Garza
Pitching: RHP Elliott Hinton
Batting: RHB Ken Pérez 0-0: Ball
1-0: Ball
2-0: Foul Ball, location: 2F
2-1: SINGLE (Flyball, 89S)
Batting: RHB Andrew Miller 0-0: Ball
1-0: Called Strike
1-1: Fly out, F8 (Flyball, 8RS)
Batting: RHB Ben Martin 0-0: Ball
1-0: Foul Ball, location: 2F
1-1: Fielders Choice at 2nd, 6-4 (Groundball, 56)
Batting: RHB Ralph Petit 0-0: Called Strike
0-1: Ball
1-1: Foul Ball, location: 2F
1-2: SINGLE (Groundball, 6MD)
Ben Martin to second
Batting: RHB Blake Davis 0-0: Ball
1-0: Called Strike
1-1: Called Strike
1-2: Fly out, F7 (Flyball, 7LS)
Bottom of the 7th over - 0 run(s), 2 hit(s), 0 error(s), 2 left on base; Brookline HS 0 - Bishop Amat HS 0
TOP OF THE 8TH
Brookline HS Warriors batting - Pitching for Bishop Amat HS : RHP Paul Young
Batting: RHB Travis Kramer 0-0: Fly out, F6 (Popup, 56)
Batting: LHB Lou Robinson 0-0: Called Strike
0-1: SINGLE (Line Drive, 9LS)
Batting: RHB Patrick Chávez 0-0: Ball
1-0: Foul Ball, location: 2F
1-1: Foul Ball, location: 2F
1-2: Fielders Choice at 2nd, 4-6 (Groundball, 4)
Batting: RHB Ben Bond 0-0: Called Strike
0-1: Foul Ball, location: 2F
0-2: Fielders Choice at 2nd, 5-4 (Groundball, 5)
Top of the 8th over - 0 run(s), 1 hit(s), 0 error(s), 0 left on base; Brookline HS 0 - Bishop Amat HS 0
BOTTOM OF THE 8TH
Bishop Amat HS batting - Pitching for Brookline HS Warriors : RHP Elliott Hinton
Batting: RHB Mike Best 0-0: Called Strike
0-1: Ball
1-1: Swinging Strike
1-2: Ball
2-2: Foul Ball, location: 2F
2-2: Ground out 6-3 (Groundball, 6)
Batting: RHB Louis García 0-0: Ball
1-0: Ball
2-0: Ball
3-0: Called Strike
3-1: Called Strike
3-2: SINGLE (Line Drive, 9S)
Pitching: RHP Ryan Lee
Batting: RHB Haywood Young 0-0: Ball
1-0: SINGLE (Line Drive, 6D)
Louis García to second
Batting: LHB Adam Roberts 0-0: SINGLE (Line Drive, 78S)
Louis García to third
Haywood Young to second
Runner from 3rd tries for Home, SAFE, no throw
Batting: RHB Ken Pérez 0-0: Ball
1-0: Ball
2-0: Ball
3-0: Base on Balls
Haywood Young to third
Adam Roberts to second
Batting: RHB Andrew Miller 0-0: Ball
1-0: Foul Ball, location: 2F
1-1: Swinging Strike
1-2: Foul Ball, location: 2F
1-2: Strikes out swinging
Batting: RHB Ben Martin 0-0: Ball
1-0: Fielders Choice at 2nd, 4-6 (Groundball, 4)
Bottom of the 8th over - 1 run(s), 3 hit(s), 0 error(s), 2 left on base; Brookline HS 0 - Bishop Amat HS 1
TOP OF THE 9TH
Brookline HS Warriors batting - Pitching for Bishop Amat HS : RHP Paul Young
Pitching: LHP Peter Méndez
Now in LF: Edison Knight
Batting: LHB Bailey Mrazek 0-0: Ball
1-0: Ball
2-0: Ball
3-0: Base on Balls
Batting: SHB Luis Rodríguez 0-0: Sac Bunt - play at first, batter OUT! U3
Bailey Mrazek to second
Batting: RHB Tim Smith 0-0: Called Strike
0-1: Called Strike
0-2: Strikes out swinging
Batting: LHB Alex Kelly 0-0: Ball
1-0: Ball
2-0: Ball
3-0: Called Strike
3-1: Base on Balls
Batting: RHB Ed Vega 0-0: Ball
1-0: Swinging Strike
1-1: Foul Ball, location: 2F
1-2: Ball
2-2: Strikes out looking
Top of the 9th over - 0 run(s), 0 hit(s), 0 error(s), 2 left on base; Brookline HS 0 - Bishop Amat HS 1
Thursday, March 30th, 2017 - OOTP Baseball 17.12 Build 75